 Dungeon Crawl Stone Soup version 0.29-a0-409-gd843f3a48c (webtiles) character file.

Game seed: 504657984454938631

50 holysushi the Insei (level 3, -7/29 HPs)
             Began as a Mummy Monk on May 14, 2022.
             Mangled by a kobold
             ... wielding a +2 short sword of electrocution
              (20 damage)
             ... on level 2 of the Dungeon.
             The game lasted 00:02:10 (2238 turns).

holysushi the Insei (Mummy Monk)                    Turns: 2238, Time: 00:02:11

Health: -7/29      AC:  7    Str: 14    XL:     3   Next: 55%
Magic:  3/3        EV: 12    Int:  9    God:
Gold:   161        SH:  0    Dex: 16    Spells: 2/2 levels left

rFire   x . .      SeeInvis .     - Unarmed
rCold   + . .      Faith    .   (no shield)
rNeg    + + +      Spirit   .   a - +0 robe
rPois   ∞          Reflect  .   d - +0 helmet
rElec   .          Harm     .   (no cloak)
rCorr   .          Rampage  .   (no gloves)
Will    .....                   (no boots)
Stlth   ++........              (no amulet)
HPRegen 0.09/turn               g - +4 ring of protection
MPRegen 0.08/turn               (no ring)

@: no status effects
A: cold resistance 1, negative energy resistance 3, torment resistance 2, heat
vulnerability 1, in touch with death 1, no potions
a: no special abilities


You were on level 2 of the Dungeon.
You visited 1 branch of the dungeon, and saw 2 of its levels.

You collected 161 gold pieces.

Inventory:

Armour
 a - a +0 robe (worn)
 d - a +0 helmet (worn)
Jewellery
 g - a +4 ring of protection (left hand)
Scrolls
 b - a scroll of teleportation {unknown}
 c - a scroll of fog {unknown}
 e - a scroll of brand weapon {unknown}
 f - a scroll of identify {unknown}
 h - a scroll of enchant armour {unknown}


   Skills:
 - Level 3.0 Fighting
 - Level 2.4 Dodging
 - Level 1.5 Stealth
 + Level 3.8 Unarmed Combat


You had 2 spell levels left.
You didn't know any spells.
Your spell library contained the following spells:

 Spells                   Type           Power      Damage    Failure   Level
 Ignite Poison            Fire/Tmut/Pois 0%         N/A       77%         3
 Vampiric Draining        Necr           0%         2d6       77%         3
 Agony                    Necr           0%         N/A       100%        5
 Beastly Appendage        Tmut           Unusable   N/A       N/A         1

Dungeon Overview and Level Annotations

Branches:
Dungeon (2/15)

Altars:

Shops:
D:2 *


Innate Abilities, Weirdness & Mutations

You are immune to poison.
Your flesh is cold resistant. (rC+)
You are immune to negative energy. (rN+++)
You are immune to unholy pain and torment.
You are vulnerable to heat. (rF-)
You are in touch with the powers of death.
You do not drink.


Message History

There is an open door here.
You now have 147 gold pieces (gained 13).
Found a bubbling pink potion.
Key pressed, stopping explore.
No target in view!
Found a smoky silvery potion.
No target in view!
No target in view!
No target in view!
No target in view!
There is an open door here.
There is a stone staircase leading up here.
Key pressed, stopping explore.
No target in view!
You now have 161 gold pieces (gained 14).
You see here a +0 short sword.
You open the door.
Things that are here:
a +0 whip; a kobold corpse
There is an open door here.
You see here 6 boomerangs.
There is an open door here.
A kobold comes into view.
It is wielding a +2 short sword of electrocution.
The kobold shouts!
A kobold is nearby!
A kobold is nearby!
A kobold is nearby!
A kobold is nearby!
The kobold hits you but does no damage.
You are electrocuted!
Ouch! That really hurt!
A kobold is nearby!
You are too injured to fight recklessly!
A kobold is nearby!
You are too injured to fight recklessly!
You are too injured to fight recklessly!
You miss the kobold.
The kobold hits you with a +2 short sword of electrocution.
You are electrocuted!!
Ouch! That really hurt!
You die...

.......#........#....+.........#.
.......#...≈≈...#....#.....(...#.
.......'†.≈..≈..#....#.......<.'.
.......'..≈..≈..#....#.........#.
...###.#...≈≈...####...).......#.
.....+.#........####.........).#.
....##.#........#..............##
..#....##########................
..+.....# #.....@.......#........
..#.....# #....K........#........
..#.....# #.............#........
..#.....# #...........###........
..#.....# #...........# #....####
..#.....# #...........# #....#
..#.....# #...######### ######
..#.....# #### ###


You could see a kobold.

Vanquished Creatures
  A worm (D:2)
  5 endoplasms
  A giant cockroach (D:1)
  7 goblins
  7 hobgoblins
  5 kobolds
  3 ball pythons (D:1)
  4 bats
  5 frilled lizards (D:1)
  6 rats
44 creatures vanquished.

Notes
Turn   | Place    | Note
-------+----------+-------------------------------------------
     0 | D:1      | holysushi the Mummy Monk began the quest for the Orb.
     0 | D:1      | Reached XP level 1. HP: 18/18 MP: 1/1
   303 | D:1      | Reached XP level 2. HP: 20/24 MP: 2/2
   971 | D:1      | Gained mutation: You are in touch with the powers of death.
                  | [Mummy growth]
   971 | D:1      | Reached XP level 3. HP: 29/29 MP: 3/3
   979 | D:1      | Got Leptuaw's Guide on Sinister Transmigration
  1988 | D:2      | Found Arirph's General Store.
  2238 | D:2      | Mangled by a kobold

Illustrated notes

Levels and vault maps discovered:
D:1:      dpeg_arrival_pits, layout_basic, skrybe_limestone_x, minivault_4,
          chequers_avenue, minmay_tripent
D:2:      layout_basic, serial_shops, shop, kennysheep_generic_room_7

Skill      XL: |  1 |
---------------+----+-----
Unarmed Combat | 3 |  3.8
Fighting       | |  3.0
Dodging        | |  2.4
Stealth        | |  1.5

Action                   || total
-------------------------++-------
Melee: Unarmed           ||   141
       Punch             ||     2
 Stab: Sleeping          ||     2
Armor: Robe              ||    20
Dodge: Dodged            ||    90

Table legend: (Time is in decaauts)
 A = Elapsed time spent in this place.
 B = Non-inter-level travel time spent in this place.
 C = Inter-level travel time spent in this place.
 D = Time resting spent in this place.
 E = Time spent auto-exploring this place.
 F = Levels seen in this place.
 G = Mean time per level.
                   A        B        C        D        E       F      G
               +--------+--------+--------+--------+--------+-----+--------+
         Total |   2229 |   2170 |     59 |    626 |   1080 |   2 | 1114.5 |
       Dungeon |   2229 |   2170 |     59 |    626 |   1080 |   2 | 1114.5 |
               +--------+--------+--------+--------+--------+-----+--------+

Top non-repeatable levels by time:
     D:1: 1423 daAuts
     D:2: 806 daAuts
